 Dungeon Crawl Stone Soup version 0.28-a0-769-g550dbda0cd (webtiles) character file.

Game seed: 14396585837176751092

198 funkygono the Firebug (level 5, -5/28 HPs)
             Began as a Gargoyle Fire Elementalist on Nov 1, 2021.
             Killed by divine providence
             ... invoked by an orc priest
              (9 damage)
             ... on level 3 of the Dungeon.
             The game lasted 00:06:18 (3835 turns).

funkygono the Firebug (Gargoyle Fire Elementalist)  Turns: 3835, Time: 00:06:19

Health: -5/28      AC:  8    Str: 11    XL:     5   Next: 76%
Magic:  5/10       EV: 12    Int: 17    God:
Gold:   161        SH:  0    Dex: 10    Spells: 1/11 levels left

rFire   . . .      SeeInvis .   d - +0 whip
rCold   . . .      Faith    .   (no shield)
rNeg    + . .      Spirit   .   a - +0 robe
rPois   ∞          Reflect  .   b - +0 helmet
rElec   +          Harm     .   (no cloak)
rCorr   .          Rampage  .   (no gloves)
Will    .....                   g - +0 pair of boots
Stlth   ++........              (no amulet)
HPRegen 0.09/turn               (no ring)
MPRegen 0.12/turn               (no ring)

@: no status effects
A: sickness immunity, AC +4, negative energy resistance 1, electricity
resistance, torment resistance 1, petrification resistance
a: no special abilities


You were on level 3 of the Dungeon.
You visited 1 branch of the dungeon, and saw 4 of its levels.

You collected 161 gold pieces.

Inventory:

Hand Weapons
 d - a +0 whip (weapon)
 k - a +0 flail
Missiles
 c - 77 stones
Armour
 a - a +0 robe (worn)
 b - a +0 helmet (worn)
 e - a +0 ring mail
 g - a +0 pair of boots (worn)
Wands
 n - a wand of iceblast (8)
Scrolls
 o - a scroll of enchant armour {unknown}
 p - a scroll of enchant weapon {unknown}
Potions
 f - a potion of curing
 h - a potion of magic {unknown}
 i - a potion of flight {unknown}
 j - 2 potions of heal wounds {unknown}
 l - a potion of brilliance {unknown}
 m - a potion of might {unknown}


   Skills:
 + Level 1.1 Maces & Flails
 + Level 1.7 Dodging
 - Level 2.1 Stealth
 * Level 3.5 Spellcasting
 * Level 2.9 Conjurations
 * Level 4.2 Fire Magic


You had one spell level left.
You knew the following spells:

 Your Spells              Type           Power      Damage    Failure   Level
a - Foxfire               Conj/Fire      60%        2x1d7     3%          1
b - Scorch                Fire           34%        2d6       4%          2
c - Conjure Flame         Conj/Fire      15%        6-21      12%         3
d - Flame Wave            Conj/Fire      15%        3d5       36%         4

Your spell library contained the following spells:

 Spells                   Type           Power      Damage    Failure   Level
 Inner Flame              Hex/Fire       10%        N/A       21%         3
 Portal Projectile        Hex/Tloc       6%         N/A       45%         3
 Blade Hands              Tmut           1%         N/A       99%         5
 Excruciating Wounds      Necr           1%         N/A       99%         5


Dungeon Overview and Level Annotations

Branches:
Dungeon (4/15)
 Temple: D:4-7

Altars:
Cheibriados


Innate Abilities, Weirdness & Mutations

You are immune to sickness and miasma.
Your stone body is resilient. (AC +4)
You are immune to poison.
You resist negative energy. (rN+)
You are resistant to electric shocks. (rElec)
You are resistant to unholy torment.
You are immune to petrification.


Message History

The orc is heavily wounded.
The foxfire hits the orc.
You kill the orc!
Casting: Foxfire (safe; 3% risk of failure)
Confirm with . or Enter, or press ? or * to list all spells.
You conjure some foxfire!
Your foxfire dissipates!
The foxfire hits the orc priest.
The orc priest is moderately wounded.
Casting: Foxfire (safe; 3% risk of failure)
Confirm with . or Enter, or press ? or * to list all spells.
You conjure some foxfire!
The orc priest mumbles some strange prayers to Beogh against you.
Beogh smites you!
* * * LOW HITPOINT WARNING * * *
Casting: Foxfire (safe; 3% risk of failure)
Confirm with . or Enter, or press ? or * to list all spells.
You conjure some foxfire!
The foxfire hits the orc priest.
The orc priest is moderately wounded.
The foxfire hits the orc priest.
The orc priest is severely wounded.
The foxfire hits the orc priest.
The orc priest is severely wounded.
The foxfire hits the orc priest but does no damage.
The orc priest is severely wounded.
There is a stone staircase leading up here.
The orc priest calls upon Beogh to heal the orc priest.
The orc priest is healed somewhat.
The orc priest calls upon Beogh to heal the orc priest.
The orc priest is healed somewhat.
You climb upwards.
There is a stone staircase leading down here.
Unknown command.
You barely miss the orc priest.
The orc priest is heavily wounded.
The orc priest hits you with a +0 morningstar.
* * * LOW HITPOINT WARNING * * *
The orc priest mumbles some strange prayers to Beogh against you.
Beogh smites you!
You die...

........# ##.###.####### #.≈.
........# #..##.# ##.≈. ........#
##.##.# #..≈.
.#.##...#####..#.############..≈.
.#.#######........†....##......≈.
.#.# #.........##........###.≈.
...# #.....)...##........# #.≈.
.##### #.........##........# #.≈≈
.....# #.......o@#####.....# #...
####.# #....####o# ####### #### #
#.# #....####.##### # ####.#
#.............######## # .....#
#.............#......# # ######
#.............#......# # #
#....####'#####......##### #
#....# #.# #........... #
#####'### #.# #......#####


You could see 2 orc priests.

Vanquished Creatures
  Robin (D:2)
  4 gnolls (D:4)
  4 adders
  4 worms
  A dart slug (D:1)
  An orc (D:4)
  4 endoplasms
  3 giant cockroaches (D:2)
  20 goblins
  10 hobgoblins
  6 jackals (D:1)
  9 kobolds
  4 quokkas
  6 ball pythons
  7 bats
  2 frilled lizards (D:1)
  3 rats
89 creatures vanquished.

Vanquished Creatures (others)
  237 foxfires
  2 plants (D:3)
  9 withered plants (D:3)
248 creatures vanquished.

Grand Total: 337 creatures vanquished

Notes
Turn   | Place    | Note
-------+----------+-------------------------------------------
     0 | D:1      | funkygono the Gargoyle Fire Elementalist began the quest
                  | for the Orb.
     0 | D:1      | Reached XP level 1. HP: 10/10 MP: 3/3
   290 | D:1      | Reached XP level 2. HP: 15/15 MP: 1/5
   700 | D:1      | Learned a level 2 spell: Scorch
   729 | D:1      | Reached XP level 3. HP: 19/19 MP: 1/6
  1386 | D:1      | Learned a level 3 spell: Conjure Flame
  1714 | D:2      | Reached XP level 4. HP: 24/24 MP: 5/8
  1824 | D:2      | Noticed Robin
  1849 | D:2      | Killed Robin
  1850 | D:2      | Reached skill level 4 in Fire Magic
  2621 | D:3      | Reached XP level 5. HP: 28/28 MP: 7/9
  2626 | D:3      | Learned a level 4 spell: Flame Wave
  3019 | D:3      | Found a faded altar of an unknown god.
  3231 | D:3      | Found a snail-covered altar of Cheibriados.
  3612 | D:4      | Reached skill level 1 in Maces & Flails
  3835 | D:3      | Killed from afar by an orc priest

Illustrated notes

Levels and vault maps discovered:
D:1:      shiori_arrival_maze, layout_loops_ring
D:2:      layout_rooms, kennysheep_big_empty_room, nrook_uturn, uniq_robin
D:3:      layout_basic, mainiacjoe_overflow_brackets,
          shapermc_ecumenical_altar_flowoftime
D:4:      layout_basic, elyvilon_altar_5, pdpol_wu_jian_five_deadly_venoms,
          minmay_misc_feat_plants

Skill      XL: |  1  2  3  4  5 |
---------------+----------------+-----
Spellcasting   | 3 |  3.5
Fire Magic     | 4 |  4.2
Conjurations   | 2 |  2.9
Maces & Flails | 1 |  1.1
Dodging        | |  1.7
Stealth        | |  2.1

Action                   |  1- 3 |  4- 6 || total
-------------------------+-------+-------++-------
Melee: Unarmed           |     6 |       ||     6
       Whip              |    14 |    46 ||    60
 Cast: Foxfire           |    69 |    79 ||   148
       Scorch            |       |     4 ||     4
  Use: Scroll            |     1 |     3 ||     4
Armor: Robe              |    17 |    12 ||    29
Dodge: Dodged            |    34 |    18 ||    52

Table legend: (Time is in decaauts)
 A = Elapsed time spent in this place.
 B = Non-inter-level travel time spent in this place.
 C = Inter-level travel time spent in this place.
 D = Time resting spent in this place.
 E = Time spent auto-exploring this place.
 F = Levels seen in this place.
 G = Mean time per level.
                   A        B        C        D        E       F      G
               +--------+--------+--------+--------+--------+-----+--------+
         Total |   3840 |   3790 |     50 |    349 |   2699 |   4 |  960.0 |
       Dungeon |   3840 |   3790 |     50 |    349 |   2699 |   4 |  960.0 |
               +--------+--------+--------+--------+--------+-----+--------+

Top non-repeatable levels by time:
     D:1: 1485 daAuts
     D:3: 1108 daAuts
     D:2: 988 daAuts
     D:4: 259 daAuts
